 Dungeon Crawl Stone Soup version 0.27-a0-686-gaed091b46b (webtiles) character file.

Game seed: 8599519527883551100

6 jasper the Sneak (level 1, -7/18 HPs)
             Began as a Demonspawn Delver on Mar 21, 2021.
             Killed by divine providence
             ... invoked by an orc priest
              (11 damage)
             ... on level 5 of the Dungeon.
             The game lasted 00:00:47 (295 turns).

jasper the Sneak (Demonspawn Delver)                 Turns: 295, Time: 00:00:47

Health: -7/18      AC:  3    Str: 12    XL:     1   Next: 75%
Magic:  1/1        EV: 11    Int: 11    God:
Gold:   0          SH:  0    Dex: 14    Spells: 0/0 levels left

rFire    . . .     SeeInvis .   h - +0 broad axe
rCold    . . .     Faith    .   (no shield)
rNeg     . . .     Spirit   .   b - +0 leather armour
rPois    .         Reflect  .   (no helmet)
rElec    .         Harm     .   (no cloak)
rCorr    .         Rampage  .   (no gloves)
Will     .....                  (no boots)
Stlth    +.........             (no amulet)
HPRegen  0.06/turn              (no ring)
MPRegen  0.07/turn              (no ring)

@: confused, hasted, very quick
A: no striking features
a: no special abilities


You were on level 5 of the Dungeon.
You visited 1 branch of the dungeon, and saw 1 of its levels.

Inventory:

Hand Weapons
 a - a +0 hand axe
 h - a +0 broad axe (weapon)
Armour
 b - a +0 leather armour (worn)
Wands
 g - a wand of digging (3)
Scrolls
 c - a scroll of fog
 d - a scroll of magic mapping


   Skills:
 - Level 3.0 Fighting
 + Level 2.3 Axes
 - Level 1.7 Dodging
 - Level 4.5 Stealth


You couldn't memorise any spells.
You didn't know any spells.
Your spell library was empty.

Dungeon Overview and Level Annotations

Branches:
Dungeon (5/15)
 Temple: D:4-7

Altars:

Shops:
D:5 =


Message History

You can access your shopping list by pressing '$'.
The orc wizard gestures at you while chanting.
The magic dart hits you.
You take 6 damage, and have 7/18 hp.
MASSIVE DAMAGE!!
A worker ant comes into view.
The orc wizard points at you and mumbles some strange words.
You resist with significant effort.
Okay, then.
The orc wizard casts a spell at you. The magic dart hits you.
* * * LOW HITPOINT WARNING * * *
You take 3 damage, and have 4/18 hp.
As you read the scroll of fear, it crumbles to dust.
You assume a fearsome visage.
The worker ant looks frightened!
The orc wizard looks frightened!
The orc looks frightened!
The orc wizard casts a spell at itself.
The orc wizard flickers and vanishes!
Deactivating autopickup; reactivate with Ctrl-A.
A worker ant comes into view.
Found a stone staircase leading up.
You feel yourself speed up.
You are confused.
You're too confused to move!
You are more confused.
You hit the worker ant.
The worker ant is lightly wounded.
An orc priest comes into view. It is wielding a +0 dagger.
The worker ant bites you but does no damage.
Something hits you.
* * * LOW HITPOINT WARNING * * *
You take 2 damage, and have 3/18 hp.
The orc priest shouts!
The worker ant barely misses you.
You bump into the rock wall.
You closely miss the worker ant.
The worker ant is lightly wounded.
The orc priest calls down the wrath of Beogh upon you.
Beogh smites you!
Ouch! That really hurt!
You die...

######+#######.
#.....<........
#..............
#.................#
#.................#
#.................#
#....# #....##.#
##@B..####....##.##
#..................
#........o.........
#..................
#.......##.......##
#.......##.......##
#.......#..........
##......##.........
#+#######.......##


You could see a worker ant and an orc priest.

Vanquished Creatures
  A worm (D:5)
  A dart slug (D:5)
2 creatures vanquished.

Notes
Turn   | Place    | Note
-------+----------+-------------------------------------------
     0 | D:5      | jasper the Demonspawn Delver began the quest for the Orb.
     0 | D:5      | Reached XP level 1. HP: 18/18 MP: 1/1
   259 | D:5      | Found Teuf's Jewellery Emporium.
   260 | D:5      | Noticed an orc wizard
   268 | D:5      | Noticed a worker ant
   280 | D:5      | Noticed a worker ant
   288 | D:5      | Noticed an orc priest
   295 | D:5      | Killed from afar by an orc priest

Illustrated notes

Levels and vault maps discovered:
D:5:      lemuel_castle_with_subvaults [lemuel_castle_interior_original],
          layout_gridville, lemuel_round_altar, basic_altar, serial_shops,
          nicolae_shop_crystal, amcnicky_mini_rare_corridor_liquid

Skill      XL: |  1 |
---------------+----+-----
Axes           | 2 |  2.3
Fighting       | |  3.0
Dodging        | |  1.7
Stealth        | |  4.5

Action                   || total
-------------------------++-------
Melee: Broad axe         ||    13
  Use: Scroll            ||     1
       Potion            ||     1
Armor: Leather armour    ||     2
Dodge: Dodged            ||     5

Table legend: (Time is in decaauts)
 A = Elapsed time spent in this place.
 B = Non-inter-level travel time spent in this place.
 C = Inter-level travel time spent in this place.
 D = Time resting spent in this place.
 E = Time spent auto-exploring this place.
 F = Levels seen in this place.
 G = Mean time per level.
                   A        B        C        D        E       F      G
               +--------+--------+--------+--------+--------+-----+--------+
         Total |    300 |    300 |      0 |    143 |     45 |   1 |  300.0 |
       Dungeon |    300 |    300 |      0 |    143 |     45 |   1 |  300.0 |
               +--------+--------+--------+--------+--------+-----+--------+

Top non-repeatable levels by time:
     D:5: 300 daAuts
